Map: King Sejong Station LE

Players

adfadf - Winner!

  • Race: Terran Terran
  • League: Platinum

Gracz

  • Race: Protoss Protoss
  • League: Silver

VOD

Have the link to the VOD?

Description

Time

  • Played on: Oct. 7, 2016, 7:09 p.m.
  • Length: 9:27
Show
View Real Time Build Order
Export as new Build Order

adfadf Terran - Winner!

Build Orders: Reaper Expand, MMM Bio 

Get SALT Encoding   

  12  0:01  SCV  
  13  0:13  SCV  
  14  0:17  Supply Depot  
  14  0:25  SCV  
  15  0:39  Barracks, SCV  
  16  0:45  Refinery  
  16  0:52  SCV  
  18  1:04  SCV  
  18  1:16  SCV  
  19  1:28  Reaper  
  19  1:29  Orbital Command  
  20  1:43  Command Center  
  20  1:54  Barracks  
  20  1:57  SCV  
  21  2:02  Barracks Reactor  
  21  2:10  Supply Depot  
  21  2:11  SCV  
  22  2:29  Factory, Refinery, SCV  
  23  2:51  SCV  
  23  2:58  Marine x2  
  24  2:59  Barracks Tech Lab  
  24  3:00  Orbital Command  
  25  3:09  SCV  
  26  3:18  Stimpack  
  26  3:19  Marine x3  
  29  3:25  SCV  
  29  3:26  SCV  
  31  3:37  Factory Reactor  
  31  3:38  SCV  
  31  3:39  Starport  
  32  3:42  Marine x3, Supply Depot  
  35  3:51  SCV x2  
  37  4:01  Marine x3  
  40  4:06  Supply Depot  
  40  4:10  SCV x2  
  42  4:23  Marine x3  
  45  4:26  Medivac x2  
  45  4:27  Widow Mine  
  51  4:32  SCV x2  
  51  4:34  Supply Depot  
  53  4:40  Engineering Bay  
  53  4:41  Engineering Bay  
  53  4:42  Marine x2  
  53  4:44  Marauder  
  53  4:45  Barracks  
  57  4:49  Liberator, Refinery, SCV x2  
  59  5:03  SCV x2  
  59  5:04  Marine  
  59  5:06  Viking  
  67  5:26  Combat Shields  
  67  5:28  SCV x2  
  69  5:36  Command Center  
  69  5:39  Marine  
  70  5:46  Supply Depot  
  70  5:48  Barracks Reactor  
  70  5:49  Supply Depot  
  70  5:50  Liberator, Barracks  
  70  6:07  Marine  
  70  6:08  SCV x2, Marauder  
  70  6:10  Marine, Widow Mine  
  81  6:12  Terran Infantry Armor Level 1, Terran Infantry Weapons Level 1  
  81  6:17  Supply Depot  
  81  6:18  Supply Depot  
  79  6:33  Marine x4  
  79  6:34  SCV, Marauder  
  79  6:38  SCV  
  85  6:42  Liberator  
  85  6:45  Barracks Reactor  
  81  6:58  Marine x4  
  81  6:59  Marauder  
  81  7:00  SCV  
  81  7:01  SCV  
  92  7:18  Supply Depot  
  92  7:19  Armory  
  92  7:20  Supply Depot x2  
  92  7:21  Marine x3  
  92  7:22  Marine x2  
  99  7:23  Marine, Marauder  
  100  7:36  Widow Mine  
  102  7:39  Marine  
  102  7:43  SCV  
  104  7:49  Medivac x2  
  104  7:50  Orbital Command  
  107  8:13  Marine x6, Command Center  
  107  8:14  Widow Mine, Marauder  
  112  8:54  Marine  
  112  8:55  Marine x2  
  117  8:56  Medivac x2, Widow Mine, Marauder  
  117  8:58  SCV x2  
  117  9:02  Refinery, Orbital Command  
Show
View Real Time Build Order
Export as new Build Order

Gracz Protoss 

Build Orders:  

Get SALT Encoding   

  12  0:02  Probe (Chrono Boost)  
  13  0:14  Pylon  
  13  0:23  Assimilator  
  13  0:24  Probe (Chrono Boost)  
  14  0:42  Gateway  
  14  0:51  Gateway  
  14  0:54  Probe (Chrono Boost)  
  15  1:12  Assimilator  
  15  1:14  Probe (Chrono Boost)  
  16  1:25  Probe (Chrono Boost)  
  17  1:28  Pylon  
  17  1:38  Gateway  
  17  1:41  Probe (Chrono Boost)  
  18  1:51  Probe (Chrono Boost)  
  19  1:56  Cybernetics Core  
  19  2:02  Probe (Chrono Boost)  
  20  2:12  Probe (Chrono Boost)  
  21  2:30  Nexus  
  21  2:34  Stalker  
  23  3:16  Probe (Chrono Boost)  
  24  3:24  Pylon  
  25  3:28  Probe (Chrono Boost)  
  25  3:38  Stalker  
  25  3:40  Probe (Chrono Boost)  
  28  3:50  Warp Gate  
  28  3:54  Mothership Core (Chrono Boost)  
  30  4:02  Probe (Chrono Boost)  
  31  4:13  Probe (Chrono Boost)  
  31  4:14  Probe (Chrono Boost)  
  33  4:23  Probe (Chrono Boost)  
  35  4:24  Assimilator  
  35  4:26  Probe (Chrono Boost)  
  35  4:28  Assimilator  
  35  4:34  Probe (Chrono Boost)  
  35  4:35  Stargate  
  35  4:37  Stargate x2  
  35  4:38  Probe (Chrono Boost)  
  37  4:56  Probe (Chrono Boost)  
  37  4:57  Probe (Chrono Boost)  
  39  5:07  Probe (Chrono Boost)  
  40  5:09  Gateway  
  40  5:10  Probe (Chrono Boost)  
  41  5:15  Stargate  
  41  5:17  Probe (Chrono Boost)  
  43  5:22  Probe (Chrono Boost)  
  43  5:28  Probe (Chrono Boost)  
  44  5:33  Cybernetics Core  
  44  5:34  Protoss Air Weapons Level 1, Probe (Chrono Boost)  
  45  5:38  Probe (Chrono Boost)  
  46  5:46  Probe (Chrono Boost)  
  46  5:49  Probe (Chrono Boost)  
  48  5:51  Nexus  
  48  5:54  Pylon  
  49  5:58  Probe (Chrono Boost)  
  49  5:59  Probe (Chrono Boost)  
  50  6:15  Fleet Beacon  
  42  6:44  Pylon x2  
  42  6:45  Void Ray  
  42  6:46  Pylon  
  42  6:52  Stalker  
  44  7:08  Mothership Core (Chrono Boost), Probe (Chrono Boost)  
  47  7:12  Stalker  
  49  7:18  Probe (Chrono Boost)  
  50  7:28  Stalker x3  
  50  7:29  Probe (Chrono Boost)  
  57  7:39  Probe (Chrono Boost)  
  57  7:40  Stalker  
  60  8:15  Nexus  
  60  8:16  Stalker  
  58  8:23  Pylon  
  58  8:27  Pylon  
  58  8:30  Assimilator  
  58  8:31  Assimilator  
  58  8:36  Assimilator  
  44  8:54  Stalker x2  
  47  8:55  Stalker  
  47  9:10  Stalker  
Tags
 
Add a new tag
Caveats
  • Supply blocks, unpowered buildings, or Contaminate may cause inaccurate times.
  • Supply counts are checked every 10 seconds.